cohdb
Replays
Latest Replays
All Replays
Popular Replays
Top Player Replays
Match Explorer
How It Works
Community
CoH3 Stats
Reddit
Sign in to upload your games and track your stats! →
Sign in with Steam
Match 42070031
Unlisted
Match 42070031
Overview
Messages
Build Orders
End
Selects Australian Defense Battlegroup
Selects Australian Light Infantry Section
Australian Light Infantry Section
Construct Section Command Post
Dingo Light Scout Car
Infantry Section
Australian Light Infantry Section
Vickers Machine Gun Team
Construct Platoon Command Post
BIOHAZARD
Make a wish™ |
0
0
Comments
sign in to comment!
No comments posted yet!